 Dungeon Crawl Stone Soup version 0.22-a0-348-gd16d139 (webtiles) character file.

3236 b5mith the Fighter (level 9, -2/90 HPs)
             Began as a Minotaur Berserker on Apr 10, 2018.
             Was an Elder of Trog.
             Slain by a bullfrog (5 damage)
             ... on level 7 of the Dungeon.
             The game lasted 00:14:20 (6515 turns).

b5mith the Fighter (Minotaur Berserker)             Turns: 6515, Time: 00:14:21

Health: -2/90      AC:  9    Str: 26    XL:     9   Next: 66%
Magic:  8/8        EV:  9    Int:  4    God:    Trog [****..]
Gold:   313        SH:  0    Dex:  9    Spells: 8/8 levels left

rFire    . . .     SeeInvis .   a - +0 falchion
rCold    . . .     Gourm    .   (no shield)
rNeg     . . .     Faith    .   i - +0 chain mail
rPois    .         Spirit   .   (helmet restricted)
rElec    .         Reflect  .   u - +0 cloak
rCorr    .         Harm     .   (no gloves)
MR       .....                  (no boots)
Stlth    ..........             (no amulet)
HPRegen  0.25/turn              D - ring of stealth
MPRegen  0.11/turn              (no ring)

@: berserk cooldown, slowed, very slow
A: retaliatory headbutt, horns 2
a: Berserk, Trog's Hand, Brothers in Arms, Renounce Religion


You were on level 7 of the Dungeon.
You worshipped Trog.
Trog was greatly pleased with you.
You were hungry.

You visited 1 branch of the dungeon, and saw 7 of its levels.

You collected 313 gold pieces.

Inventory:

Hand Weapons
 a - a +0 falchion (weapon)
 b - a +0 hunting sling
   (You took it off a goblin on level 2 of the Dungeon)
Missiles
 n - 26 sling bullets
 r - 4 javelins (quivered)
 v - 5 tomahawks
 E - a throwing net
Armour
 i - a +0 chain mail (worn)
   (You found it on level 1 of the Dungeon)
 q - a +0 animal skin
 u - a +0 cloak (worn)
   (You found it on level 3 of the Dungeon)
Jewellery
 D - a ring of stealth (left hand)
   (You found it on level 6 of the Dungeon)
Wands
 y - a wand of polymorph (16)
   (You found it on level 5 of the Dungeon)
 C - a wand of disintegration (15)
   (You found it on level 6 of the Dungeon)
 F - a wand of digging (4)
   (You found it on level 7 of the Dungeon)
Scrolls
 e - 3 scrolls of noise {unknown}
 f - 2 scrolls of teleportation
 g - 3 scrolls of enchant weapon {unknown}
 h - 4 scrolls of identify {@r1}
 j - a scroll of magic mapping {unknown}
 k - a scroll of random uselessness {unknown}
 l - 2 scrolls of immolation {unknown}
 o - 2 scrolls of enchant armour {unknown}
 t - 2 scrolls of fog
 B - a scroll of amnesia {unknown}
 G - a scroll of fear {unknown}
Potions
 d - 4 potions of curing {unknown}
 m - a potion of brilliance {unknown}
 p - 2 potions of lignification {unknown}
 s - 2 potions of degeneration {unknown}
 w - a potion of resistance {unknown}
 x - a potion of magic {unknown}
 z - a potion of cancellation {unknown}
 A - a potion of ambrosia {unknown}
Comestibles
 c - 13 rations
 H - a chunk of flesh


   Skills:
 + Level 11.9 Fighting
 + Level 11.8 Long Blades
 - Level 2.4 Armour
 - Level 2.1 Dodging


You had 8 spell levels left.
You didn't know any spells.

Dungeon Overview and Level Annotations

Branches:
Dungeon (7/15)             Temple (0/1) D:6

Altars:
Dithmenos
Fedhas
Nemelex Xobeh
Okawaru
Trog
Vehumet


Innate Abilities, Weirdness & Mutations

You reflexively headbutt those who attack you in melee.
You have a pair of horns on your head.


Message History

You are too injured to fight recklessly!
You are too injured to fight recklessly!
You are too injured to fight recklessly!
A red film seems to cover your vision as you go berserk!
You feel yourself moving faster!
You feel mighty!
You are feeling hungry.
The ogre hits you with a giant spiked club!
* * * LOW HITPOINT WARNING * * *
The ogre hits you with a giant spiked club!
* * * LOW HITPOINT WARNING * * *
You feel a strong urge to attack something.
You feel your anger nearly subside.
You are no longer berserk.
You are exhausted.
You feel yourself slow down.
You slash the ogre!
You kill the ogre!
Trog accepts your kill.
The bullfrog hits you but does no damage.
The bullfrog hits you.
* * * LOW HITPOINT WARNING * * *
The bullfrog hits you but does no damage.
The sentinel's mark upon you fades away.
The bullfrog hits you.
* * * LOW HITPOINT WARNING * * *
The bullfrog closely misses you.
Your chain mail prevents you from hitting the bullfrog.
The bullfrog completely misses you. The bullfrog hits you.
* * * LOW HITPOINT WARNING * * *
You hit the bullfrog but do no damage. Your headbutt misses the bullfrog.
The bullfrog hits you but does no damage.
As you read the scroll of fog, it crumbles to dust.
The scroll dissolves into smoke.
The bullfrog barely misses you. You furiously retaliate!
You headbutt the bullfrog!
The bullfrog hits you but does no damage.
The bullfrog snags a nearby spider with its tongue.
The bullfrog hits you.
* * * LOW HITPOINT WARNING * * *
The bullfrog hits you.
* * * LOW HITPOINT WARNING * * *
The bullfrog barely misses you.
The bullfrog hits you but does no damage.
The bullfrog hits you.
* * * LOW HITPOINT WARNING * * *
The bullfrog hits you but does no damage. x2
The bullfrog hits you.
* * * LOW HITPOINT WARNING * * *
The bullfrog barely misses you. The bullfrog hits you.
You die...

#§# #§# #§# #####§#
### ##...#s# ##.##
##.###§J###.#.##
##.## ##.##.###.##
#.######O...####.##
#.....@F......###.#
#.#######..(#.##.##
#..## ##.##.#)#.##
#.#(###.###...)##
#.##...####.#.##
#.#######...#.# #.#
#.###.# #.# #.# #.#
#.##### #.###.#


You could see an ogre and a bullfrog.

Vanquished Creatures
  Pikel (D:6)
  Grinder (D:4)
  Sigmund (D:5)
  Duvessa (D:4)
  An ice beast (D:7)
  2 orc warriors
  A necrophage (D:6)
  A black bear (D:6)
  3 ogres
  2 centaurs
  Blork the orc (D:5)
  A gnoll sergeant (D:6)
  A bullfrog (D:6)
  Dowan (D:4)
  4 scorpions
  A howler monkey (D:6)
  3 crimson imps
  A bullfrog skeleton (D:4)
  A hound (D:4)
  3 jellies
  10 orc wizards
  A centaur skeleton (D:7)
  Natasha (thrice) (D:3)
  An iguana (D:7)
  2 worker ants
  A hound zombie (D:6)
  6 adders
  3 gnolls (D:6)
  A howler monkey skeleton (D:4)
  A shadow imp (D:7)
  3 oozes
  An adder skeleton (D:2)
  5 worms
  2 dart slugs
  11 leopard geckos
  16 orcs
  A ball python (D:4)
  9 giant cockroaches
  8 goblins
  10 hobgoblins
  11 jackals
  3 kobolds
  A quokka (D:4)
  8 bats
  9 frilled lizards
  20 rats
178 creatures vanquished.

Vanquished Creatures (others)
  A slave (D:6)
  An orc priest (D:6)
  A jackal (D:6)
  A quokka (D:6)
4 creatures vanquished.

Grand Total: 182 creatures vanquished

Notes
Turn   | Place    | Note
-------+----------+-------------------------------------------
     0 | D:1      | b5mith the Minotaur Berserker began the quest for the Orb.
     0 | D:1      | Reached XP level 1. HP: 19/19 MP: 0/0
    59 | D:1      | Reached XP level 2. HP: 27/27 MP: 1/1
   342 | D:1      | Reached ** piety under Trog
   342 | D:1      | Reached XP level 3. HP: 27/34 MP: 2/2
   748 | D:2      | Found a radiant altar of Vehumet.
   897 | D:2      | Found a shadowy altar of Dithmenos.
   906 | D:2      | Reached XP level 4. HP: 41/41 MP: 3/3
   927 | D:2      | Reached skill level 5 in Fighting
   927 | D:2      | Reached skill level 5 in Long Blades
  1572 | D:3      | Noticed Natasha
  1581 | D:3      | Killed Natasha
  1581 | D:3      | Reached *** piety under Trog
  1581 | D:3      | Reached XP level 5. HP: 38/49 MP: 4/4
  1751 | D:3      | Noticed Natasha
  1761 | D:3      | Killed Natasha
  2018 | D:3      | Noticed a centaur
  2028 | D:3      | Killed a centaur
  2028 | D:3      | Reached XP level 6. HP: 21/58 MP: 5/5
  2584 | D:3      | Noticed Natasha
  2602 | D:3      | Killed Natasha
  3061 | D:4      | Reached XP level 7. HP: 66/66 MP: 6/6
  3085 | D:4      | Reached **** piety under Trog
  3156 | D:4      | Noticed Grinder
  3159 | D:4      | Noticed Duvessa
  3161 | D:4      | Noticed Dowan
  3176 | D:4      | Killed Duvessa
  3195 | D:4      | Killed Dowan
  3197 | D:4      | Killed Grinder
  3629 | D:4      | Reached XP level 8. HP: 61/75 MP: 7/7
  3720 | D:4      | Found a blossoming altar of Fedhas.
  3801 | D:5      | Entered Level 5 of the Dungeon
  3801 | D:5      | Noticed Sigmund
  3815 | D:5      | Killed Sigmund
  3845 | D:5      | Noticed Blork the orc
  3855 | D:5      | Killed Blork the orc
  4007 | D:5      | Found an iron altar of Okawaru.
  4637 | D:6      | Reached skill level 10 in Fighting
  4646 | D:6      | Found a sparkling altar of Nemelex Xobeh.
  4663 | D:6      | Reached skill level 10 in Long Blades
  5046 | D:6      | Noticed Pikel
  5062 | D:6      | Killed Pikel
  5062 | D:6      | Reached XP level 9. HP: 65/86 MP: 8/8
  5150 | D:6      | Found a staircase to the Ecumenical Temple.
  5599 | D:6      | Noticed a moth of wrath
  5983 | D:6      | Found a bloodstained altar of Trog.
  6513 | D:7      | HP: 2/90 [bullfrog (5)]
  6515 | D:7      | Slain by a bullfrog

Vault maps used:
D:1:      dpeg_arrival_ratfight, st_stairs_11
D:2:      overflow_temple_1_default, lemuel_crystal_altar, minmay_cupped
D:3:      nrook_loot_triangle, serial_bayou_pond_b, minmay_curled_crystal,
          uniq_natasha
D:4:      lemuel_round_altar, first_ration, grunt_decor_mini_mirrors,
          uniq_grinder, uniq_duvessa
D:5:      okawaru_gym_becter, uniq_sigmund, uniq_blork_the_orc
D:6:      tgw_trog, nicolae_overflow_hidden_temple,
          nemelex_xobeh_ov_fountains_minmay, minmay_temple_entry_grid,
          hangedman_abyss_or_decor_passed, uniq_pikel
D:7:      uniq_crazy_yiuf_cottage

Skill      XL: |  1  2  3  4  5  6  7  8  9 |
---------------+----------------------------+-----
Fighting       | 4 5 6 7 8 10 11 | 11.9
Long Blades    | 4 5 6 7 8 10 11 | 11.8
Armour         | |  2.4
Dodging        | |  2.1

Action                   |  1- 3 |  4- 6 |  7- 9 || total
-------------------------+-------+-------+-------++-------
Melee: Falchion          |    79 |   115 |   237 ||   431
       Headbutt          |    14 |    27 |    50 ||    91
 Fire: Hunting sling     |       |   112 |    74 ||   186
Throw: Javelin           |       |     5 |     2 ||     7
Invok: Berserk           |       |     1 |     5 ||     6
  Use: Scroll            |       |       |     5 ||     5
  Eat: Chunk             |       |     8 |     8 ||    16
       Ration            |       |       |     2 ||     2
Armor: Animal skin       |     2 |       |       ||     2
       Chain mail        |    23 |    72 |    86 ||   181
Dodge: Dodged            |    46 |    58 |    72 ||   176
       Rpst.: Falchion   |    10 |    11 |    10 ||    31

Table legend:
 A = Spawn XP
 B = Non-spawn XP
 C = Spawn XP percentage of total XP
 D = Spawn monster count
 E = Non-spawn monster count
 F = Spawn count percentage of total count
 G = Total turns spent on level
                    A         B        C        D         E        F      G
               +---------+---------+-------+---------+---------+-------+---------
         Total |       0 |    4623 |   0.0 |       0 |     178 |   0.0 |  6515
               +---------+---------+-------+---------+---------+-------+---------
           D:1 |       0 |      61 |   0.0 |       0 |      33 |   0.0 |   748
           D:2 |       0 |     105 |   0.0 |       0 |      29 |   0.0 |   654
           D:3 |       0 |     441 |   0.0 |       0 |      41 |   0.0 |  1426
           D:4 |       0 |     844 |   0.0 |       0 |      21 |   0.0 |   973
           D:5 |       0 |     776 |   0.0 |       0 |      11 |   0.0 |   826
           D:6 |       0 |    1788 |   0.0 |       0 |      32 |   0.0 |  1444
           D:7 |       0 |     608 |   0.0 |       0 |      11 |   0.0 |   444
               +---------+---------+-------+---------+---------+-------+---------
